 Dungeon Crawl Stone Soup version 0.31-a0-746-ge8284cb111 (webtiles) character file.

Game seed: 15732083992786100884

235 MacCMillion the Slasher (level 6, -2/35 HPs)
             Began as a Tengu Gladiator on Sept 14, 2023.
             Succumbed to Ijyb's poison
             ... on level 3 of the Dungeon.
             The game lasted 00:02:35 (2097 turns).

MacCMillion the Slasher (Tengu Gladiator)           Turns: 2097, Time: 00:02:35

Health: -2/35      AC:  8    Str: 14    XL:     6   Next: 6%
Magic:  7/7        EV:  7    Int:  9    God:
Gold:   128        SH:  0    Dex: 17    Spells: 5/5 levels left

rFire   . . .        a - +0 long sword
rCold   . . .        (no shield)
rNeg    . . .        m - +0 chain mail
rPois   .            c - +0 hat
rElec   .            (no cloak)
rCorr   .            (no gloves)
SInv    .            (boots unavailable)
Will    .....        (no amulet) Stlth
                     (no ring)
HPRegen 0.25/turn    (no ring)
MPRegen 0.10/turn

%: acrobat
@: lethally poisoned (-2 -> -16)
A: beak, talons 3, acrobatic
a: no special abilities


You were on level 3 of the Dungeon.
You visited 1 branch of the dungeon, and saw 3 of its levels.

You collected 128 gold pieces.

Inventory:

Hand Weapons
 a - a +0 long sword (weapon)
Missiles
 d - 3 throwing nets (quivered)
 e - a javelin
Armour
 b - a +0 leather armour
 c - a +0 hat (worn)
 m - a +0 chain mail (worn)
Scrolls
 h - a scroll of immolation {unknown}
 i - a scroll of identify {unknown}
 l - a scroll of noise {unknown}
 n - a scroll of blinking {unknown}
 o - a scroll of summoning {unknown}
 p - a scroll of fog {unknown}
 q - a scroll of revelation {unknown}
 r - a scroll of teleportation {unknown}
 s - a scroll of poison {unknown}
Potions
 f - 2 potions of mutation {unknown}
 g - a potion of attraction {unknown}
 j - a potion of resistance {unknown}
 k - 3 potions of might {unknown}


   Skills:
 - Level 2.0 Fighting
 + Level 7.2 Long Blades
 - Level 2.0 Throwing
 - Level 3.2 Dodging


You had 5 spell levels left.
You didn't know any spells.
Your spell library was empty.

Dungeon Overview and Level Annotations

Branches:
Dungeon (3/15)

Altars:

Annotations:
D:3 Ijyb


Innate Abilities, Weirdness & Mutations

You have a beak for a mouth.
You have claws for feet.
You can magically evade attacks while moving or waiting.


Message History

You are more poisoned.
You bump into the rock wall.
You feel very sick. Ijyb hits you but does no damage.
You bump into the rock wall.
You feel less confused.
You feel sick.
Ijyb zaps a wand.
Your will is overpowered!
You are confused.
You miss Ijyb. Your kick misses Ijyb.
Ijyb is moderately wounded.
You feel sick. Ijyb hits you but does no damage.
You are more poisoned.
You bump into the rock wall.
You feel very sick.
Ijyb hits you with a +0 dagger of venom.
You are more poisoned.
You bump into the rock wall.
You feel very sick. Ijyb hits you but does no damage.
You are lethally poisoned!
You bump into the rock wall.
* * * LOW HITPOINT WARNING * * *
You feel very sick. Ijyb closely misses you.
You bump into the rock wall.
* * * LOW HITPOINT WARNING * * *
You feel very sick. Ijyb hits you but does no damage.
You are more poisoned.
You slash Ijyb! Your kick misses Ijyb.
Ijyb is severely wounded.
You feel less confused.
* * * LOW HITPOINT WARNING * * *
You feel very sick.
Ijyb hits you with a +0 dagger of venom.
* * * LOW HITPOINT WARNING * * *
You hit Ijyb.
Ijyb is almost dead.
You die...

#.# #.#.# #.# #.#
#.#.# #.# #.#
#...# ###.# #.#
###.#####...# #.#
#.....#)### #.#
#.#.########
..###...........
.........#######.
.#.....#@# #####
####..#g# #.)..
#..#.# #.###
.....# #.#
....### #.# .....
#.# #.# #.# #.#


You could see Ijyb.

Vanquished Creatures
  Pargi (D:3)
  Natasha (D:3)
  6 adders
  3 dart slugs (D:3)
  6 orcs (D:3)
  5 endoplasms
  7 goblins
  3 hobgoblins (D:1)
  5 kobolds
  6 ball pythons
  2 bats
  3 frilled lizards
  6 rats
54 creatures vanquished.

Notes
Turn   | Place    | Note
-------+----------+-------------------------------------------
     0 | D:1      | MacCMillion the Tengu Gladiator began the quest for the
                  | Orb.
     0 | D:1      | Reached XP level 1. HP: 12/12 MP: 2/2
   163 | D:1      | Reached XP level 2. HP: 17/17 MP: 3/3
   187 | D:1      | Reached skill level 4 in Long Blades
   710 | D:1      | Reached XP level 3. HP: 21/21 MP: 4/4
  1338 | D:2      | Reached skill level 5 in Long Blades
  1421 | D:2      | Reached XP level 4. HP: 26/26 MP: 5/5
  1597 | D:3      | Identified the +2 sling "Diyg" {elec, Str+3}
  1817 | D:3      | Noticed Pargi
  1822 | D:3      | Killed Pargi
  1823 | D:3      | Reached skill level 6 in Long Blades
  1823 | D:3      | Reached XP level 5. HP: 22/30 MP: 6/6
  1840 | D:3      | Reached skill level 7 in Long Blades
  2080 | D:3      | Noticed Ijyb
  2080 | D:3      | Noticed Natasha
  2084 | D:3      | Killed Natasha
  2085 | D:3      | Reached XP level 6. HP: 35/35 MP: 7/7
  2096 | D:3      | HP: 1/35 [Ijyb/+0 dagger of venom (1)]
  2097 | D:3      | Succumbed to Ijyb's poison

Illustrated notes

Levels and vault maps discovered:
D:1:      ncdulo_smallfort, layout_basic
D:2:      minmay_skewed_foursquare, layout_basic, minmay_crystal_room
D:3:      layout_loops_ring, uniq_crazy_yiuf_cottage, uniq_ijyb, uniq_natasha,
          uniq_pargi

Skill      XL: |  1  2  3  4  5 |
---------------+----------------+-----
Long Blades    | 4 5 6 7 |  7.2
Fighting       | |  2.0
Throwing       | |  2.0
Dodging        | |  3.2

Action                     |  1- 3 |  4- 6 || total
---------------------------+-------+-------++-------
  Melee: Long sword        |    74 |    54 ||   128
         Kick              |    13 |    13 ||    26
         Peck              |     8 |     5 ||    13
 Armour: Leather armour    |    18 |       ||    18
         Chain mail        |    22 |    41 ||    63
  Dodge: Dodged            |    44 |    19 ||    63

Table legend: (Time is in decaauts)
 A = Elapsed time spent in this place.
 B = Non-inter-level travel time spent in this place.
 C = Inter-level travel time spent in this place.
 D = Time resting spent in this place.
 E = Time spent auto-exploring this place.
 F = Levels seen in this place.
 G = Mean time per level.
                   A        B        C        D        E       F      G
               +--------+--------+--------+--------+--------+-----+--------+
         Total |   2114 |   2066 |     48 |    180 |   1530 |   3 |  704.7 |
       Dungeon |   2114 |   2066 |     48 |    180 |   1530 |   3 |  704.7 |
               +--------+--------+--------+--------+--------+-----+--------+

Top non-repeatable levels by time:
     D:1: 927 daAuts
     D:2: 652 daAuts
     D:3: 534 daAuts
